TOP OF THE 1ST |
Columbus Clippers batting - Pitching for Buffalo Bisons : RHP Jeff Reardon
|
Pitching: RHP Jeff Reardon
|
|
Batting: SHB Curt Wilkerson
|
0-0: Ball 1-0: Foul Ball, location: 2F 1-1: Swinging Strike 1-2: Ball 2-2: Ball 3-2: Foul Ball, location: 2F 3-2: Ground out 5-3 (Groundball, 56, EV 88.8 MPH)
|
Batting: LHB Elijah Bonaparte
|
0-0: Called Strike 0-1: Swinging Strike 0-2: Ball 1-2: Ball 2-2: Ball 3-2: Foul Ball, location: 2F 3-2: Strikes out swinging
|
Batting: LHB Barry Butera
|
0-0: Foul Ball, location: 2F 0-1: Ball 1-1: Fly out, F8 (Flyball, 8LD, EV 95.6 MPH)
|
Top of the 1st over - 0 runs, 0 hits, 0 errors, 0 left on base; Columbus 0 - Buffalo 0 |
BOTTOM OF THE 1ST |
Buffalo Bisons batting - Pitching for Columbus Clippers : RHP Richard Renwick
|
Pitching: RHP Richard Renwick
|
|
Batting: RHB Juan Villa
|
0-0: Ball 1-0: Called Strike 1-1: Ball 2-1: Ground out 5-3 (Groundball, 5S, EV 81.3 MPH)
|
Batting: LHB Doe Boyland
|
0-0: Ball 1-0: DOUBLE (Flyball, 8LXD, EV 108.8 MPH)
|
Batting: RHB Bill Bathe
|
0-0: Ball Doe Boyland is caught stealing 3rd base 2-5 1-0: Called Strike 1-1: Ball 2-1: Ball 3-1: Single, Error in OF, E9, batter to second base (Line Drive, 3D, EV 95.0 MPH)
|
Batting: LHB Gary Rajsich
|
0-0: Called Strike 0-1: Ground out U3 (Groundball, 13, EV 85.0 MPH)
|
Bottom of the 1st over - 0 runs, 2 hits, 1 error, 1 left on base; Columbus 0 - Buffalo 0 |
TOP OF THE 2ND |
Columbus Clippers batting - Pitching for Buffalo Bisons : RHP Jeff Reardon
|
Batting: LHB Jordan Medrano
|
0-0: Ground out U3 (Groundball, 34S, EV 81.3 MPH)
|
Batting: RHB Donell Nixon
|
0-0: Ball 1-0: Ball 2-0: Fly out, F8 (Flyball, 8RD, EV 83.1 MPH)
|
Batting: LHB Gene Gentile
|
0-0: Ball 1-0: Called Strike 1-1: Foul Ball, location: 2F 1-2: Strikes out swinging
|
Top of the 2nd over - 0 runs, 0 hits, 0 errors, 0 left on base; Columbus 0 - Buffalo 0 |
BOTTOM OF THE 2ND |
Buffalo Bisons batting - Pitching for Columbus Clippers : RHP Richard Renwick
|
Batting: RHB John Seefried
|
0-0: Called Strike 0-1: Called Strike 0-2: Ball 1-2: Ball 2-2: Ball 3-2: DOUBLE (Line Drive, 5D, EV 98.8 MPH)
|
Batting: LHB Phillip Baskerville
|
0-0: Called Strike 0-1: Called Strike 0-2: Ball 1-2: Fly out, F8 (Line Drive, 8RD, EV 100.6 MPH)
|
Batting: RHB Pat Keedy
|
0-0: Hit by Pitch
|
Batting: LHB Bob Skube
|
0-0: Foul Ball, location: 2F 0-1: Ball 1-1: Swinging Strike 1-2: Strikes out looking
|
Batting: RHB Nicholas Kintz
|
0-0: Swinging Strike 0-1: SINGLE (Line Drive, 4MD, EV 98.8 MPH) John Seefried to third Pat Keedy to second Runner from 3rd tries for Home, SAFE, throw by CF to home
|
Batting: RHB Juan Villa
|
0-0: DOUBLE (Line Drive, 8RXD, EV 105.6 MPH) Pat Keedy scores Nicholas Kintz to third Runner from 3rd tries for Home, SAFE, throw by CF to home
|
Batting: LHB Doe Boyland
|
0-0: Called Strike 0-1: Ground out 3-1 (Groundball, 34S, EV 86.3 MPH)
|
Bottom of the 2nd over - 3 runs, 3 hits, 0 errors, 1 left on base; Columbus 0 - Buffalo 3 |
TOP OF THE 3RD |
Columbus Clippers batting - Pitching for Buffalo Bisons : RHP Jeff Reardon
|
Batting: RHB Tracy Anderson
|
0-0: Ball 1-0: Foul Ball, location: 2F 1-1: SINGLE (Groundball, 6MD, EV 98.1 MPH)
|
Batting: RHB Larry Bowie
|
0-0: SINGLE (Flyball, 78S, EV 91.9 MPH) Tracy Anderson to second
|
Batting: RHB Luis Aguayo
|
0-0: Swinging Strike 0-1: Foul Ball, location: 2F 0-2: Ball 1-2: Grounds into double play, 6-4-3 (Groundball, 6, EV 85.6 MPH) Tracy Anderson to third
|
Batting: SHB Curt Wilkerson
|
0-0: SINGLE (Line Drive, 8LS, EV 93.8 MPH) Tracy Anderson scores
|
Batting: LHB Elijah Bonaparte
|
0-0: Ball 1-0: Swinging Strike 1-1: Ground out 4-3 (Groundball, 34, EV 85.6 MPH)
|
Top of the 3rd over - 1 run, 3 hits, 0 errors, 1 left on base; Columbus 1 - Buffalo 3 |
BOTTOM OF THE 3RD |
Buffalo Bisons batting - Pitching for Columbus Clippers : RHP Richard Renwick
|
Batting: RHB Bill Bathe
|
0-0: Called Strike 0-1: Called Strike 0-2: Foul Ball, location: 2F 0-2: Foul Ball, location: 2F 0-2: Ball 1-2: Strikes out swinging
|
Batting: LHB Gary Rajsich
|
0-0: Ball 1-0: Foul Ball, location: 2F 1-1: Ball 2-1: Foul Ball, location: 2F 2-2: Foul Ball, location: 2F 2-2: Strikes out swinging
|
Batting: RHB John Seefried
|
0-0: SINGLE (Groundball, 56D, EV 100.0 MPH)
|
Batting: LHB Phillip Baskerville
|
0-0: Ball 1-0: Reached on error, E6 (Groundball, 6, EV 81.9 MPH) John Seefried to second
|
Batting: RHB Pat Keedy
|
0-0: Fielders Choice at 2nd, 6-4 (Groundball, 6, EV 86.9 MPH)
|
Bottom of the 3rd over - 0 runs, 1 hit, 1 error, 2 left on base; Columbus 1 - Buffalo 3 |
TOP OF THE 4TH |
Columbus Clippers batting - Pitching for Buffalo Bisons : RHP Jeff Reardon
|
Batting: LHB Barry Butera
|
0-0: Ball 1-0: Ball 2-0: Ball 3-0: Called Strike 3-1: SINGLE (Groundball, 34D, EV 98.8 MPH)
|
Batting: LHB Jordan Medrano
|
0-0: Swinging Strike 0-1: Foul Ball, location: 2F 0-2: Ball 1-2: Strikes out looking
|
Batting: RHB Donell Nixon
|
0-0: Ball 1-0: Ball 2-0: Called Strike 2-1: Foul Ball, location: 2F 2-2: Fly out, F9 (Flyball, 89S, EV 77.5 MPH)
|
Batting: LHB Gene Gentile
|
0-0: Called Strike 0-1: Ball 1-1: Fly out, F6 (Flyball, 5D, EV 87.5 MPH)
|
Top of the 4th over - 0 runs, 1 hit, 0 errors, 1 left on base; Columbus 1 - Buffalo 3 |
BOTTOM OF THE 4TH |
Buffalo Bisons batting - Pitching for Columbus Clippers : RHP Richard Renwick
|
Batting: LHB Bob Skube
|
0-0: Called Strike 0-1: Fly out, F8 (Line Drive, 8LD, EV 88.1 MPH)
|
Batting: RHB Nicholas Kintz
|
0-0: Ball 1-0: Ball 2-0: Ball 3-0: Called Strike 3-1: Foul Ball, location: 2F 3-2: Base on Balls
|
Batting: RHB Juan Villa
|
0-0: Called Strike 0-1: Fly out, F9 (Flyball, 89M, EV 94.4 MPH)
|
Batting: LHB Doe Boyland
|
0-0: Called Strike 0-1: Fielders Choice at 2nd, 6-4 (Groundball, 6, EV 89.4 MPH)
|
Bottom of the 4th over - 0 runs, 0 hits, 0 errors, 1 left on base; Columbus 1 - Buffalo 3 |
TOP OF THE 5TH |
Columbus Clippers batting - Pitching for Buffalo Bisons : RHP Jeff Reardon
|
Batting: RHB Tracy Anderson
|
0-0: Ground out 3-1 (Groundball, 34, EV 91.9 MPH)
|
Batting: RHB Larry Bowie
|
0-0: Ball 1-0: Ball 2-0: Foul Ball, location: 2F 2-1: Ball 3-1: Base on Balls
|
Batting: RHB Luis Aguayo
|
0-0: Ball 1-0: Called Strike 1-1: Called Strike 1-2: Strikes out swinging
|
Batting: SHB Curt Wilkerson
|
0-0: Fly out, F5 (Popup, 5F, EV 63.1 MPH)
|
Top of the 5th over - 0 runs, 0 hits, 0 errors, 1 left on base; Columbus 1 - Buffalo 3 |
BOTTOM OF THE 5TH |
Buffalo Bisons batting - Pitching for Columbus Clippers : RHP Richard Renwick
|
Batting: RHB Bill Bathe
|
0-0: Called Strike 0-1: Fly out, F8 (Flyball, 89D, EV 102.5 MPH)
|
Batting: LHB Gary Rajsich
|
0-0: Called Strike 0-1: Ball 1-1: SINGLE (Line Drive, 8LS, EV 101.3 MPH)
|
Batting: RHB John Seefried
|
0-0: Ball 1-0: Called Strike 1-1: Ball 2-1: Fly out, F8 (Flyball, 89D, EV 103.8 MPH)
|
Batting: LHB Phillip Baskerville
|
0-0: Ball 1-0: Ball Gary Rajsich is caught stealing 2nd base 2-6
|
Bottom of the 5th over - 0 runs, 1 hit, 0 errors, 0 left on base; Columbus 1 - Buffalo 3 |
TOP OF THE 6TH |
Columbus Clippers batting - Pitching for Buffalo Bisons : RHP Jeff Reardon
|
Batting: LHB Elijah Bonaparte
|
0-0: Ball 1-0: TRIPLE (Line Drive, 8RXD, EV 102.5 MPH)
|
Batting: LHB Barry Butera
|
0-0: Ball 1-0: Foul Ball, location: 2F 1-1: Fly out, F5 (Popup, 5S, EV 81.3 MPH)
|
Batting: LHB Jordan Medrano
|
0-0: Ball 1-0: Foul Ball, location: 2F 1-1: Ball 2-1: Ball 3-1: DOUBLE (Flyball, 78XD, EV 96.3 MPH) Elijah Bonaparte scores
|
Batting: RHB Donell Nixon
|
0-0: Ball 1-0: Ground out 5-3 (Groundball, 5L, EV 91.3 MPH)
|
Batting: LHB Gene Gentile
|
0-0: SINGLE (Groundball, 34D, EV 96.3 MPH) Jordan Medrano to third Runner from 3rd tries for Home, SAFE, throw by RF to home
|
Batting: RHB Tracy Anderson
|
0-0: Ball 1-0: Ball 2-0: Foul Ball, location: 2F 2-1: Fielders Choice at 2nd, 6-4 (Groundball, 6, EV 91.9 MPH)
|
Top of the 6th over - 2 runs, 3 hits, 0 errors, 1 left on base; Columbus 3 - Buffalo 3 |
BOTTOM OF THE 6TH |
Buffalo Bisons batting - Pitching for Columbus Clippers : RHP Richard Renwick
|
Batting: LHB Phillip Baskerville
|
0-0: Ball 1-0: Swinging Strike 1-1: Ball 2-1: Ball 3-1: SINGLE (Flyball, 78S, EV 87.5 MPH)
|
Batting: RHB Pat Keedy
|
0-0: Called Strike 0-1: Ball 1-1: Ball 2-1: Ball 3-1: Fly out, F8 (Flyball, 78M, EV 86.3 MPH)
|
Batting: LHB Bob Skube
|
0-0: Foul Ball, location: 2F 0-1: Called Strike 0-2: Strikes out swinging
|
Batting: RHB Nicholas Kintz
|
0-0: Ball 1-0: Fly out, F8 (Flyball, 8RS, EV 79.4 MPH)
|
Bottom of the 6th over - 0 runs, 1 hit, 0 errors, 1 left on base; Columbus 3 - Buffalo 3 |
TOP OF THE 7TH |
Columbus Clippers batting - Pitching for Buffalo Bisons : RHP Jeff Reardon
|
Batting: RHB Larry Bowie
|
0-0: Ball 1-0: Ball 2-0: Called Strike 2-1: Foul Ball, location: 2F 2-2: Ground out 1-3 (Groundball, 13S, EV 74.4 MPH)
|
Batting: RHB Luis Aguayo
|
0-0: Ball 1-0: Fly out, F9 (Flyball, 9LS, EV 83.1 MPH)
|
Batting: SHB Curt Wilkerson
|
0-0: Ball 1-0: Foul Ball, location: 2F 1-1: Foul Ball, location: 2F 1-2: Ball 2-2: SINGLE (Groundball, 56D, EV 93.8 MPH)
|
Batting: LHB Elijah Bonaparte
|
0-0: Ball 1-0: Called Strike 1-1: Ball 2-1: Fly out, F9 (Flyball, 89M, EV 75.6 MPH)
|
Top of the 7th over - 0 runs, 1 hit, 0 errors, 1 left on base; Columbus 3 - Buffalo 3 |
BOTTOM OF THE 7TH |
Buffalo Bisons batting - Pitching for Columbus Clippers : RHP Richard Renwick
|
Batting: RHB Juan Villa
|
0-0: Foul Ball, location: 2F 0-1: Ground out 6-3 (Groundball, 6, EV 90.0 MPH)
|
Batting: LHB Doe Boyland
|
0-0: Foul Ball, location: 2F 0-1: Hit by Pitch
|
Batting: RHB Bill Bathe
|
0-0: Ball 1-0: SINGLE (Groundball, P, EV 78.8 MPH) (infield hit) Doe Boyland to second
|
Batting: LHB Gary Rajsich
|
0-0: Foul Ball, location: 2F 0-1: Fly out, F8 (Flyball, 8LD, EV 100.6 MPH) Runner from 2nd tags up, SAFE at 3rd with throw by CF
|
Batting: RHB John Seefried
|
0-0: Ball 1-0: Called Strike 1-1: Ball 2-1: Fly out, F1 (Line Drive, P, EV 71.3 MPH)
|
Bottom of the 7th over - 0 runs, 1 hit, 0 errors, 2 left on base; Columbus 3 - Buffalo 3 |
TOP OF THE 8TH |
Columbus Clippers batting - Pitching for Buffalo Bisons : RHP Jeff Reardon
|
Batting: LHB Barry Butera
|
0-0: Ball 1-0: Called Strike 1-1: Fly out, F8 (Line Drive, 8LM, EV 95.6 MPH)
|
Batting: LHB Jordan Medrano
|
0-0: Ball 1-0: Foul Ball, location: 2F 1-1: Swinging Strike 1-2: Ball 2-2: SINGLE (Line Drive, 4MD, EV 96.9 MPH)
|
Batting: RHB Donell Nixon
|
0-0: Called Strike 0-1: Swinging Strike 0-2: Ball 1-2: Fielders Choice at 2nd, 6-4 (Groundball, 6, EV 88.1 MPH)
|
Batting: LHB Gene Gentile
|
0-0: Ball Donell Nixon is caught stealing 2nd base 2-6
|
Top of the 8th over - 0 runs, 1 hit, 0 errors, 0 left on base; Columbus 3 - Buffalo 3 |
BOTTOM OF THE 8TH |
Buffalo Bisons batting - Pitching for Columbus Clippers : RHP Richard Renwick
|
Batting: LHB Phillip Baskerville
|
0-0: Ball 1-0: Foul Ball, location: 2F 1-1: Called Strike 1-2: Ground out 4-3 (Groundball, 34D, EV 102.5 MPH)
|
Batting: RHB Pat Keedy
|
0-0: SINGLE (Flyball, 8LS, EV 91.3 MPH)
|
Batting: LHB Bob Skube
|
0-0: Ball 1-0: Ball 2-0: Ball 3-0: Base on Balls Pat Keedy to second
|
Batting: RHB Nicholas Kintz
|
0-0: Bunt missed! 0-1: Bunt missed! 0-2: Ball 1-2: Fly out, F8 (Line Drive, 8LD, EV 91.3 MPH) Runner from 2nd tags up, SAFE at 3rd with throw by CF
|
Batting: RHB Juan Villa
|
0-0: Ball 1-0: Ball 2-0: Called Strike 2-1: Called Strike 2-2: Strikes out looking
|
Bottom of the 8th over - 0 runs, 1 hit, 0 errors, 2 left on base; Columbus 3 - Buffalo 3 |
TOP OF THE 9TH |
Columbus Clippers batting - Pitching for Buffalo Bisons : RHP Jeff Reardon
|
Batting: LHB Gene Gentile
|
0-0: Foul Ball, location: 2F 0-1: Swinging Strike 0-2: Ball 1-2: SINGLE (Groundball, 25, EV 68.1 MPH) (infield hit)
|
Batting: LHB Denny Porter
|
0-0: Ball 1-0: Called Strike 1-1: Ball 2-1: Fly out, F7 (Flyball, 7, EV 88.1 MPH)
|
Pinch Hitting: LHB Tony Ramirez
|
0-0: Foul Ball, location: 2F 0-1: Foul Ball, location: 2F 0-2: Foul Ball, location: 2F 0-2: Ball 1-2: Fly out, F9 (Flyball, 9D, EV 84.4 MPH)
|
Batting: RHB Luis Aguayo
|
0-0: Ball Gene Gentile steals 2nd base 1-0: Ball 2-0: Ground out 2-3 (Groundball, 15S, EV 69.4 MPH)
|
Top of the 9th over - 0 runs, 1 hit, 0 errors, 1 left on base; Columbus 3 - Buffalo 3 |
BOTTOM OF THE 9TH |
Buffalo Bisons batting - Pitching for Columbus Clippers : RHP Richard Renwick
|
Pitching: RHP Mark C Smith
|
|
Now at C: Randy Gomez
|
|
Batting: LHB Doe Boyland
|
0-0: Ball 1-0: Ball 2-0: Foul Ball, location: 2F 2-1: Fly out, F7 (Flyball, 7, EV 90.0 MPH)
|
Batting: RHB Bill Bathe
|
0-0: Ground out 6-3 (Groundball, 6, EV 85.0 MPH)
|
Batting: LHB Gary Rajsich
|
0-0: Ball 1-0: Foul Ball, location: 2F 1-1: Ground out 4-3 (Groundball, 4, EV 111.9 MPH)
|
Bottom of the 9th over - 0 runs, 0 hits, 0 errors, 0 left on base; Columbus 3 - Buffalo 3 |
TOP OF THE 10TH |
Columbus Clippers batting - Pitching for Buffalo Bisons : RHP Jeff Reardon
|
Batting: SHB Curt Wilkerson
|
0-0: Ball 1-0: Foul Ball, location: 2F 1-1: Ball 2-1: Called Strike 2-2: Ground out U3 (Groundball, 3S, EV 80.6 MPH)
|
Batting: LHB Elijah Bonaparte
|
0-0: Called Strike 0-1: Ground out 4-3 (Groundball, 4M, EV 84.4 MPH)
|
Batting: LHB Barry Butera
|
0-0: Ball 1-0: Foul Ball, location: 2F 1-1: SOLO HOME RUN (Line Drive, 9D, EV 98.8 MPH), Distance : 392 ft
|
Batting: LHB Jordan Medrano
|
0-0: Swinging Strike 0-1: Called Strike 0-2: Fly out, F9 (Line Drive, 9, EV 92.5 MPH)
|
Top of the 10th over - 1 run, 1 hit, 0 errors, 0 left on base; Columbus 4 - Buffalo 3 |
BOTTOM OF THE 10TH |
Buffalo Bisons batting - Pitching for Columbus Clippers : RHP Mark C Smith
|
Now at 1B: Arturo Blanco
|
|
Now at SS: Alex Rodriguez
|
|
Now in CF: Javier Leyva
|
|
Batting: RHB John Seefried
|
0-0: Ball 1-0: Swinging Strike 1-1: Foul Ball, location: 2F 1-2: Strikes out swinging
|
Batting: LHB Phillip Baskerville
|
0-0: Called Strike 0-1: Reached on error, E6 (Groundball, 6, EV 102.5 MPH)
|
Batting: RHB Pat Keedy
|
0-0: Foul Ball, location: 2F 0-1: Foul Ball, location: 2F 0-2: Fly out, F8 (Flyball, 8RM, EV 96.3 MPH)
|
Batting: LHB Bob Skube
|
0-0: Foul Ball, location: 2F 0-1: Ball 1-1: Called Strike 1-2: Foul Ball, location: 2F 1-2: Strikes out swinging
|
Bottom of the 10th over - 0 runs, 0 hits, 1 error, 1 left on base; Columbus 4 - Buffalo 3 |
|